 Dungeon Crawl Stone Soup version 0.22-a0-292-g0df9d5f (webtiles) character file.

23 mhoghedin the Grave Robber (level 2, -3/20 HPs)
             Began as a Ghoul Necromancer on Mar 23, 2018.
             Slain by a hobgoblin
             ... wielding a +0 club
              (5 damage)
             ... on level 1 of the Dungeon.
             The game lasted 00:01:55 (835 turns).

mhoghedin the Grave Robber (Ghoul Necromancer)       Turns: 835, Time: 00:01:56

Health: -3/20      AC:  2    Str: 11    XL:     2   Next: 95%
Magic:  0/4        EV: 12    Int: 10    God:
Gold:   78         SH:  0    Dex:  9    Spells: 3/5 levels left

rFire    . . .     SeeInvis .   j - -2 dagger (curse)
rCold    + . .     Gourm    .   (no shield)
rNeg     + + +     Faith    .   a - +0 robe
rPois    ∞         Spirit   .   (no helmet)
rElec    .         Reflect  .   (no cloak)
rCorr    .         Harm     .   (no gloves)
MR       .....                  (no boots)
Stlth    ++........             (no amulet)
HPRegen  0.00/turn              (no ring)
MPRegen  0.09/turn              (no ring)

@: rotting
A: rotting body, claws 1, carnivore, cold resistance 1, negative energy
resistance 3, inhibited regeneration, torment resistance, unbreathing
a: no special abilities


You were on level 1 of the Dungeon.
You were not hungry.

You visited 1 branch of the dungeon, and saw 1 of its levels.

You collected 78 gold pieces.

Inventory:

Hand Weapons
 g - a +0 dagger
   (You took it off a goblin on level 1 of the Dungeon)
 j - a cursed -2 dagger (weapon)
   (You found it on level 1 of the Dungeon)
Armour
 a - a +0 robe (worn)
Scrolls
 b - a scroll of fog {unknown}
 d - a scroll of identify
 e - a scroll of remove curse
 i - a scroll of enchant weapon {unknown}
Potions
 f - a potion of flight {unknown}
 h - 2 potions of curing {unknown}
Comestibles
 c - 4 rations


   Skills:
 - Level 1.7 Dodging
 - Level 2.1 Stealth
 + Level 2.3 Spellcasting
 + Level 4.4 Necromancy


You had 3 spell levels left.
You knew the following spells:

 Your Spells              Type           Power        Failure   Level  Hunger
a - Pain                  Necr           ##..         4%          1    ##.....
A - Animate Skeleton      Necr           N/A          4%          1    ##.....


Dungeon Overview and Level Annotations

Branches:
Dungeon (1/15)

Altars:


Innate Abilities, Weirdness & Mutations

Your body is rotting away.
You thrive on raw meat.
You are immune to poison.
You have sharp fingernails.
You are carnivorous and can eat meat at any time.
Your flesh is cold resistant. (rC+)
You are immune to negative energy. (rN+++)
You do not regenerate when monsters are visible.
You are immune to unholy pain and torment.
You can survive without breathing.


Message History

You start resting.
Aim: a bat (chance to defeat MR: 76%)
The bat writhes in agony!
You kill the bat!
You now have 2/4 mp.
Memorise Animate Skeleton, consuming 1 spell level and leaving 3?
You start memorising the spell.
You continue memorising.
You finish memorising.
Spell assigned to 'A'.
You start resting.
All of the chunks of flesh in your inventory have rotted away.
Health restored: 20; MP restored: 4
h - 2 grey potions You now have 41 gold pieces (gained 2).
Things that are here:
a club; a whip; 10 stones
Things that are here:
a short sword; 5 stones; a kobold skeleton A bat comes into view.
You can't see any susceptible monsters within range! (Use Z to cast anyway.) Unknown command.
You can't see any susceptible monsters within range! (Use Z to cast anyway.) Unknown command.
You can't see any susceptible monsters within range! (Use Z to cast anyway.) Unknown command.
The bat is too close now for your liking.
A bat is nearby!
A bat is nearby!
Aim: a bat (chance to defeat MR: 76%)
The bat writhes in agony!
You now have 3/4 mp.
Aim: a bat (heavily wounded, chance to defeat MR: 76%)
The bat barely resists.
The bat closely misses you.
You now have 2/4 mp.
Aim: a bat (heavily wounded, chance to defeat MR: 76%)
The bat writhes in agony!
The bat barely misses you.
You now have 1/4 mp.
Aim: a bat (severely wounded, chance to defeat MR: 76%)
The bat writhes in agony!
You kill the bat!
You now have 0/4 mp.
You start resting.
MP restored: 4 You now have 44 gold pieces (gained 3).
c - 3 rations (gained 1)
You now have 49 gold pieces (gained 5).
c - 4 rations (gained 1)
You now have 63 gold pieces (gained 14).
You now have 78 gold pieces (gained 15).
i - a scroll labeled XIPLESTIBU
Found a glowing dagger.
A hobgoblin comes into view. It is wielding a club.
The hobgoblin shouts!
Aim: a hobgoblin, wielding a club (chance to defeat MR: 78%)
The hobgoblin writhes in agony!
You now have 3/4 mp.
Aim: a hobgoblin, wielding a club (lightly wounded, chance to defeat MR: 78%)
The hobgoblin barely resists.
You now have 2/4 mp.
Aim: a hobgoblin, wielding a club (lightly wounded, chance to defeat MR: 78%)
The hobgoblin writhes in agony!
The hobgoblin hits you but does no damage.
You now have 1/4 mp.
Aim: a hobgoblin, wielding a club (moderately wounded, chance to defeat MR: 78%)
The hobgoblin writhes in agony!
You kill the hobgoblin!
You now have 0/4 mp.
A hobgoblin comes into view. It is wielding a club.
A bat comes into view.
You see here a club.
You barely miss the hobgoblin. The hobgoblin hits you with a club.
You take 2 damage, and have 18/20 hp.
The hobgoblin hits you but does no damage.
You see here a glowing dagger.
j - a glowing dagger The hobgoblin barely misses you.
Wield which item (- for none, * to show all)? (? for menu, Esc to quit)
It sticks to your claw!
j - a cursed -2 dagger (weapon)
The bat completely misses you. The hobgoblin hits you with a club.
You take 3 damage, and have 15/20 hp.
As you read the scroll labeled MUMANO SURE, it crumbles to dust.
It is a scroll of identify.
e - a scroll of remove curse The bat misses you.
The hobgoblin hits you with a club.
You take 3 damage, and have 12/20 hp.
Aim: a hobgoblin, wielding a club (chance to defeat MR: 78%)
The hobgoblin barely resists.
The bat hits you but does no damage. The hobgoblin hits you with a club.
You take 3 damage, and have 9/20 hp.
You now have 0/4 mp.
The bat hits you but does no damage. The hobgoblin hits you with a club.
You take 1 damage, and have 8/20 hp.
The bat hits you but does no damage. The bat hits you but does no damage.
The hobgoblin hits you with a club.
* * * LOW HITPOINT WARNING * * *
You take 6 damage, and have 2/20 hp.
MASSIVE DAMAGE!!
The bat barely misses you. The bat hits you but does no damage.
The bat closely misses you. The hobgoblin hits you with a club.
You die...

#.#......### ##
#.#......# #
#...#+#########
# ###.#
#......#
#...#.##......#
#...#.........#
#...# #......#
#...####gb....#
#......@......#
#..##.#)......#
#.[##.#.#######
#.....#.#
#.#####.# #.
..# ## ###


You could see a hobgoblin and a bat.

Vanquished Creatures
  3 giant cockroaches (D:1)
  A goblin (D:1)
  4 hobgoblins (D:1)
  4 bats (D:1)
  3 frilled lizards (D:1)
  3 kobolds (D:1)
  3 rats (D:1)
21 creatures vanquished.

Notes
Turn   | Place    | Note
-------+----------+-------------------------------------------
     0 | D:1      | mhoghedin the Ghoul Necromancer began the quest for the Orb.
     0 | D:1      | Reached XP level 1. HP: 14/14 MP: 2/2
   201 | D:1      | Reached skill level 2 in Spellcasting
   242 | D:1      | Reached XP level 2. HP: 20/20 MP: 0/4
   453 | D:1      | HP: 4/20 [hobgoblin/club (8)]
   548 | D:1      | Learned a level 1 spell: Animate Skeleton
   832 | D:1      | HP: 2/20 [hobgoblin/club (6)]
   835 | D:1      | Slain by a hobgoblin

Vault maps used:
D:1:      evilmike_arrival_run_for_it

Skill      XL: |  1 |
---------------+----+-----
Spellcasting   | 2 |  2.3
Dodging        | |  1.7
Stealth        | |  2.1
Necromancy     | |  4.4

Action                   || total
-------------------------++-------
Melee: Unarmed           ||    29
       Dagger            ||     7
 Cast: Pain              ||    33
  Use: Scroll            ||     1
  Eat: Chunk             ||     1
Armor: Robe              ||    14
Dodge: Dodged            ||    40

Table legend:
 A = Spawn XP
 B = Non-spawn XP
 C = Spawn XP percentage of total XP
 D = Spawn monster count
 E = Non-spawn monster count
 F = Spawn count percentage of total count
 G = Total turns spent on level
                    A         B        C        D         E        F      G
               +---------+---------+-------+---------+---------+-------+---------
         Total |       0 |      33 |   0.0 |       0 |      21 |   0.0 |   835
               +---------+---------+-------+---------+---------+-------+---------
           D:1 |       0 |      33 |   0.0 |       0 |      21 |   0.0 |   835
               +---------+---------+-------+---------+---------+-------+---------

Vault maps used:
D:1:      evilmike_arrival_run_for_it

Table legend:
 A = Turns spent in this place as a percentage of turns spent in the entire game.
 B = Non-inter-level travel turns spent in this place as a percentage of non-inter-level travel turns spent in the entire game.
 C = Inter-level travel turns spent in this place as a percentage of turns spent in this place.
 D = Turns resting spent in this place as a percentage of non-inter-level travel turns spent in this place.
 E = Turns spent auto-exploring this place as a percentage of non-inter-level travel turns spent in this place.
 F = Non-inter-level travel turns spent in this place divided by the number of levels of this place that you've seen.
                   A       B       C       D       E      F
               +-------+-------+-------+-------+-------+----------------------
         Total | 100.0 | 100.0 |   0.0 |  64.1 |  18.9 | 835.0
       Dungeon | 100.0 | 100.0 |   0.0 |  64.1 |  18.9 | 835.0
               +-------+-------+-------+-------+-------+----------------------

Table legend:
 A = Kills in this place as a percentage of kills in entire the game.
 B = Kills by you in this place as a percentage of kills by you in the entire game.
 C = Kills by friends in this place as a percentage of kills by friends in the entire game.
 D = Other kills in this place as a percentage of other kills in the entire game.
 E = Experience gained in this place as a percentage of experience gained in the entire game.
 F = Experience gained in this place divided by the number of levels of this place that you have seen.
                   A       B       C       D       E      F
               +-------+-------+-------+-------+-------+----------------------
         Total | 100.0 | 100.0 |   N/A |   N/A | 100.0 |  33.0
       Dungeon | 100.0 | 100.0 |   N/A |   N/A | 100.0 |  33.0
               +-------+-------+-------+-------+-------+----------------------
